 Dungeon Sprint DCSS version 0.23-a0-151-gf6d1ed2 (webtiles) character file.

353 emperorscorpion the Thaumaturge (level 6, -2/32 HPs)
             Began as a Deep Elf Air Elementalist on Sept 8, 2018.
             Was a Believer of Sif Muna.
             Slain by a bullfrog (6 damage)
             ... in the Dungeon (Sprint IX: "|||||||||||||||||||||||||||||").
             The game lasted 00:02:26 (143 turns).

emperorscorpion the Thaumaturge (DEAE)               Turns: 143, Time: 00:02:27

Health: -2/32      AC:  2    Str:  5    XL:     6   Next: 35%
Magic:  5/22       EV: 15    Int: 25    God:    Sif Muna [**....]
Gold:   0          SH:  0    Dex: 15    Spells: 20/27 levels left

rFire    . . .     SeeInvis .   b - staff of energy
rCold    . . .     Gourm    .   (no shield)
rNeg     . . .     Faith    .   n - +0 robe
rPois    .         Spirit   .   (no helmet)
rElec    .         Reflect  .   (no cloak)
rCorr    .         Harm     .   (no gloves)
MR       .....     NoTele   +   (no boots)
Stlth    ++........             (no amulet)
HPRegen  0.10/turn              q - +3 ring of intelligence
MPRegen  0.18/turn              r - +2 ring of evasion

@: no status effects
A: no striking features
a: Divine Energy, Renounce Religion


You were in the Dungeon.
You worshipped Sif Muna.
Sif Muna was pleased with you.
You were not hungry.

You visited 1 branch

Inventory:

Hand Weapons
 a - a +4 quarterstaff of speed
Armour
 n - a +0 robe (worn)
 o - a +0 cloak
 p - a +0 helmet
Magical Staves
 b - an uncursed staff of energy (weapon)
Jewellery
 q - a +3 ring of intelligence (left hand)
 r - a +2 ring of evasion (right hand)
Wands
 l - a wand of iceblast (7)
Scrolls
 i - 2 scrolls of blinking
 j - 3 scrolls of remove curse
 k - 2 scrolls of amnesia
Potions
 d - 4 potions of curing
 e - 3 potions of heal wounds
 f - a potion of haste
 g - 4 potions of magic
 h - a potion of invisibility
Comestibles
 c - a ration
 m - 2 chunks of flesh


   Skills:
 - Level 2.4 Dodging
 - Level 2.4 Stealth
 + Level 1.2 Unarmed Combat
 * Level 11.4 Spellcasting
 + Level 2.5 Conjurations
 + Level 1.4 Charms
 + Level 9.6 Air Magic
 * Level 4.4 Invocations


You had 20 spell levels left.
You knew the following spells:

 Your Spells              Type           Power        Failure   Level  Hunger
a - Shock                 Conj/Air       ####         1%          1    None
b - Swiftness             Chrm/Air       #####...     1%          2    None
c - Airstrike             Air            ######....   1%          4    None

Your spell library contained the following spells:

 Spells                   Type           Power        Failure   Level  Hunger
 Static Discharge         Conj/Air       #####...     1%          3    None
 Lightning Bolt           Conj/Air       #####.....   10%         5    None


Dungeon Overview and Level Annotations

Branches:
Dungeon (1/1)

Altars:
Cheibriados
Dithmenos
Elyvilon
Fedhas
Gozag
Hepliaklqana
Kikubaaqudgha
Makhleb
Nemelex Xobeh
Okawaru
Qazlal
Ru
Sif Muna
Trog
Uskayaw
Vehumet
Wu Jian
Xom
Yredelemnul
Zin
The Shining One
Beogh
Jiyva
Lugonu


Message History

The bullfrog closely misses you. The bullfrog hits you.
* * * LOW HITPOINT WARNING * * *
You closely miss the bullfrog.
The bullfrog is severely wounded.
The bullfrog closely misses you. x2
You hit the bullfrog.
The bullfrog is severely wounded.
You no longer feel sluggish.
The bullfrog hits you.
* * * LOW HITPOINT WARNING * * *
The bullfrog closely misses you.
You barely miss the bullfrog.
The bullfrog is severely wounded.
The bullfrog hits you.
* * * LOW HITPOINT WARNING * * *
The bullfrog barely misses you.
You hit the bullfrog.
The bullfrog is almost dead.
The bullfrog hits you.
You die... ▓▓▓▓▓▓▓▓▓▓▓▓▓▓▓▓▓▓▓▓▓▓▓▓▓▓▓▓▓▓▓▓▓ .'____W________F@_________'.....' ▓▓▓▓▓▓▓▓▓▓▓▓▓▓▓▓▓▓▓▓▓▓▓▓▓▓▓▓▓▓▓▓▓

You could see a bullfrog.

Vanquished Creatures
  A wraith (D)
  An ogre (D)
  A scorpion (D)
  A howler monkey (D)
  A worker ant (D)
  2 adders (D)
  A dart slug (D)
  An orc (D)
  A goblin (D)
  A ball python zombie (D)
  A bat (D)
  A frilled lizard (D)
  A kobold (D)
14 creatures vanquished.

Notes
Turn   | Place    | Note
-------+----------+-------------------------------------------
     0 | D        | emperorscorpion the Deep Elf Air Elementalist began the
                  | quest for the Orb.
     0 | D        | Reached XP level 1. HP: 10/10 MP: 6/6
     6 | D        | Reached skill level 4 in Spellcasting
    18 | D        | Noticed a howler monkey
    18 | D        | Noticed a scorpion
    22 | D        | Reached skill level 5 in Spellcasting
    22 | D        | Reached XP level 2. HP: 14/15 MP: 1/10
    23 | D        | Reached skill level 5 in Air Magic
    25 | D        | HP: 1/22 [scorpion (8)]
    26 | D        | Killed a scorpion
    26 | D        | Reached skill level 7 in Spellcasting
    26 | D        | Reached XP level 3. HP: 2/19 MP: 0/14
    26 | D        | Reached XP level 4. HP: 2/24 MP: 0/15
    29 | D        | Reached skill level 8 in Spellcasting
    38 | D        | Learned a level 2 spell: Swiftness
    43 | D        | Learned a level 4 spell: Airstrike
    46 | D        | Found a roughly hewn altar of Beogh.
    46 | D        | Found a snail-covered altar of Cheibriados.
    46 | D        | Found a shadowy altar of Dithmenos.
    46 | D        | Found a white marble altar of Elyvilon.
    46 | D        | Found a blossoming altar of Fedhas.
    46 | D        | Found an opulent altar of Gozag.
    47 | D        | Found a hazy altar of Hepliaklqana.
    48 | D        | Found a viscous altar of Jiyva.
    49 | D        | Found an ancient bone altar of Kikubaaqudgha.
    50 | D        | Found a corrupted altar of Lugonu.
    51 | D        | Found a burning altar of Makhleb.
    52 | D        | Found a sparkling altar of Nemelex Xobeh.
    53 | D        | Found an iron altar of Okawaru.
    54 | D        | Found a stormy altar of Qazlal.
    55 | D        | Found a sacrificial altar of Ru.
    56 | D        | Found a deep blue altar of Sif Muna.
    57 | D        | Found a bloodstained altar of Trog.
    58 | D        | Found a hide-covered altar of Uskayaw.
    59 | D        | Found a radiant altar of Vehumet.
    60 | D        | Found an ornate altar of the Wu Jian Council.
    61 | D        | Found a shimmering altar of Xom.
    62 | D        | Found a basalt altar of Yredelemnul.
    63 | D        | Found a glowing silver altar of Zin.
    64 | D        | Became a worshipper of Sif Muna the Loreminder
    65 | D        | Found a glowing golden altar of the Shining One.
    97 | D        | Noticed a bullfrog
    97 | D        | Noticed a wraith
    97 | D        | Noticed an ogre
   124 | D        | Killed an ogre
   124 | D        | Reached * piety under Sif Muna
   124 | D        | Reached skill level 9 in Spellcasting
   124 | D        | Reached XP level 5. HP: 11/28 MP: 12/19
   126 | D        | Killed a wraith
   126 | D        | Reached ** piety under Sif Muna
   126 | D        | Reached skill level 1 in Unarmed Combat
   126 | D        | Reached skill level 11 in Spellcasting
   126 | D        | Reached skill level 1 in Charms
   126 | D        | Reached XP level 6. HP: 13/32 MP: 4/22
   143 | D        | Slain by a bullfrog

Vault maps used:
D:        linesprint

Skill      XL: |  1  2  3  4  5 |
---------------+----------------+-----
Spellcasting   | 5 7 9 11 | 11.4
Air Magic      | 4 6 8 9 |  9.6
Conjurations   | 2 |  2.5
Invocations    | 2 4 |  4.4
Unarmed Combat | 1 |  1.2
Charms         | 1 |  1.4
Dodging        | |  2.4
Stealth        | |  2.4

Action                   |  1- 3 |  4- 6 || total
-------------------------+-------+-------++-------
Melee: Unarmed           |     1 |     3 ||     4
       Staff             |       |    10 ||    10
 Cast: Shock             |     8 |     5 ||    13
       Swiftness         |       |     1 ||     1
       Airstrike         |       |     2 ||     2
Evoke: Wand              |       |     3 ||     3
  Use: Potion            |     1 |     1 ||     2
Armor: Robe              |     1 |       ||     1
Dodge: Dodged            |     2 |    10 ||    12

Table legend:
 A = Non-vault XP
 B = Vault XP
 C = Vault XP percentage of total XP
 D = Non-vault monster count
 E = Vault monster count
 F = Vault count percentage of total count
                 A         B        C        D         E       F
            +---------+---------+-------+---------+---------+-------
      Total |       0 |     505 | 100.0 |       0 |      14 | 100.0
            +---------+---------+-------+---------+---------+-------
          D |       0 |     505 | 100.0 |       0 |      14 | 100.0
            +---------+---------+-------+---------+---------+-------
